 Dungeon Crawl Stone Soup version 0.30-a0-626-gd6a5dd7a1f (webtiles) character file.

Game seed: 3668525775088656549

25 BaabKaare the Conjurer (level 3, -3/24 HPs)
             Began as a Human Conjurer on Jan 10, 2023.
             Slain by an ice beast (5 damage)
             ... on level 3 of the Dungeon.
             The game lasted 00:04:09 (1314 turns).

BaabKaare the Conjurer (Human Conjurer)             Turns: 1314, Time: 00:04:09

Health: -3/24      AC:  3    Str:  7    XL:     3   Next: 20%
Magic:  1/6        EV: 12    Int: 20    God:
Gold:   45         SH:  0    Dex: 11    Spells: 3/6 levels left

rFire   . . .      SeeInvis .    (no weapon)
rCold   . . .      Faith    .    (no shield)
rNeg    . . .      Spirit   .    a - +0 robe
rPois   .          Reflect  .    (no helmet)
rElec   .          Harm     .    (no cloak)
rCorr   .          Rampage  .    k - +0 pair of gloves
Will    .....                    (no boots)
Stlth   ++                       (no amulet)
HPRegen 0.24/turn                (no ring)
MPRegen 0.10/turn                (no ring)

@: no status effects
A: no striking features
a: no special abilities


You were on level 3 of the Dungeon.
You visited 1 branch of the dungeon, and saw 3 of its levels.

You collected 45 gold pieces.

Inventory:

Missiles
 c - a throwing net
Armour
 a - a +0 robe (worn)
 k - a +0 pair of gloves (worn)
Scrolls
 e - a scroll of enchant armour {unknown}
 g - 2 scrolls of identify {unknown}
 h - a scroll of teleportation {unknown}
 i - a scroll of poison {unknown}
 j - a scroll of torment {unknown}
Potions
 d - a potion of attraction {unknown}
 f - a potion of heal wounds {unknown}
 l - a potion of resistance {unknown}
 m - a potion of flight {unknown}


   Skills:
 + Level 2.2 Dodging
 + Level 2.1 Stealth
 + Level 2.1 Spellcasting
 + Level 4.6 Conjurations


You had 3 spell levels left.
You knew the following spells:

 Your Spells              Type           Power      Damage    Failure   Level
a - Magic Dart            Conj           80%        1d7       2%          1
b - Searing Ray           Conj           40%        2d5       3%          2

Your spell library contained the following spells:

 Spells                   Type           Power      Damage    Failure   Level
 Dazzling Flash           Conj/Hex       22%        N/A       19%         3
 Fulminant Prism          Conj/Hex       5%         3d7       52%         4
 Iskenderun's Mystic Bla  Conj/Tloc      11%        2d4       52%         4


Dungeon Overview and Level Annotations

Branches:
Dungeon (3/15)

Altars:


Message History

Press: ? - help, Shift-Dir - straight line, f - kobold, p - ice beast
Aim: a kobold, wielding a +0 club (72% to hit)
The searing ray hits the ice beast.
The ice beast is heavily wounded.
The searing ray hits the kobold.
You kill the kobold! (Press . to maintain the ray.)
The ice beast hits you but does no damage.
The searing ray hits the ice beast.
The ice beast is heavily wounded.
The ice beast closely misses you.
Without enough magic to sustain it, your searing ray dissipates.
The ice beast hits you but does no damage.
The ice beast barely misses you. Magic courses through your body.
The ice beast hits you but does no damage.
Casting: Searing Ray (safe; 3% risk of failure)
Confirm with . or Enter, or press ? or * to list all spells.
Aiming: Searing Ray (safe; 3% risk of failure)
Press: ? - help, Shift-Dir - straight line, f - ice beast
Aim: an ice beast (heavily wounded, 78% to hit)
The searing ray hits the ice beast.
The ice beast is severely wounded.
The searing ray hits the rat.
You kill the rat! (Press . to maintain the ray.)
The ice beast hits you but does no damage.
Unknown command.
The searing ray hits the ice beast.
The ice beast is severely wounded.
The ice beast hits you but does no damage.
The searing ray misses the ice beast.
The ice beast hits you. The ice beast freezes you!
* * * LOW HITPOINT WARNING * * *
The searing ray misses the ice beast.
You finish channelling your searing ray.
The ice beast hits you.
* * * LOW HITPOINT WARNING * * *
The ice beast freezes you.
You die...

########
#......###########
#.##....><.......#
#.##.#.###.#####.#
#@##....##.#
#Y##.......#
#)##..###..#
#.....# #....
####..# #.###
#..r... #......#
#.##.#.# #.# .# #


You could see an ice beast.

Vanquished Creatures
  A gnoll (D:1)
  2 bats (D:1)
  3 endoplasms
  2 hobgoblins (D:1)
  A kobold (D:3)
  A quokka (D:1)
  2 ball pythons (D:1)
  A frilled lizard (D:1)
  3 rats
16 creatures vanquished.

Notes
Turn   | Place    | Note
-------+----------+-------------------------------------------
     0 | D:1      | BaabKaare the Human Conjurer began the quest for the Orb.
     0 | D:1      | Reached XP level 1. HP: 13/13 MP: 3/3
   550 | D:1      | Reached XP level 2. HP: 18/19 MP: 0/5
   553 | D:1      | Learned a level 2 spell: Searing Ray
   959 | D:1      | Reached XP level 3. HP: 24/24 MP: 1/6
  1292 | D:3      | Noticed an ice beast
  1314 | D:3      | Slain by an ice beast

Illustrated notes

Levels and vault maps discovered:
D:1:      enne_arrival_octagon_isle, layout_loops_corners
D:2:      layout_loops_ring, minmay_pentomino_x4
D:3:      layout_loops_cross, basic_ecumenical_altar

Action                   || total
-------------------------++-------
 Cast: Magic Dart        ||    31
       Searing Ray       ||     2
  Use: Potion            ||     1
Armor: Robe              ||     5
Dodge: Dodged            ||     6

Table legend: (Time is in decaauts)
 A = Elapsed time spent in this place.
 B = Non-inter-level travel time spent in this place.
 C = Inter-level travel time spent in this place.
 D = Time resting spent in this place.
 E = Time spent auto-exploring this place.
 F = Levels seen in this place.
 G = Mean time per level.
                   A        B        C        D        E       F      G
               +--------+--------+--------+--------+--------+-----+--------+
         Total |   1316 |   1293 |     23 |    403 |    602 |   3 |  438.7 |
       Dungeon |   1316 |   1293 |     23 |    403 |    602 |   3 |  438.7 |
               +--------+--------+--------+--------+--------+-----+--------+

Top non-repeatable levels by time:
     D:1: 1204 daAuts
     D:2: 76 daAuts
     D:3: 34 daAuts
